 Dungeon Crawl Stone Soup version 0.21.1-1-g345015f (webtiles) character file.

109 inc the Sneak (level 4, -1/18 HPs)
             Began as a Felid Enchanter on Feb 19, 2018.
             Killed from afar by Natasha (5 damage)
             ... with a magic dart
             ... on level 3 of the Dungeon.
             The game lasted 00:12:16 (3706 turns).

inc the Sneak (Felid Enchanter)                     Turns: 3706, Time: 00:12:17

Health: -1/18      AC:  1    Str:  4    XL:     4   Next: 59%
Magic:  7/8        EV: 19    Int: 19    God:
Gold:   106        SH:  0    Dex: 16    Spells: 1/7 levels left
                                        Lives:  0   Deaths: 1

rFire    + . .     SeeInvis +     - Unarmed
rCold    . . .     Gourm    .   (shield unavailable)
rNeg     . . .     Faith    .   (armour unavailable)
rPois    .         Spirit   .   (helmet unavailable)
rElec    .         Reflect  .   (cloak unavailable)
rCorr    .         Harm     .   (gloves unavailable)
MR       .....                  (boots unavailable)
Stlth    ++++......             (no amulet)
HPRegen  0.06/turn              (no ring)
MPRegen  0.11/turn              (no ring)

@: quick
A: very small, no armour, no weapons or thrown items, stealth, claws 1, fangs 3,
horns 1, see invisible, carnivore, clever 1, fire resistance 1, speed 1, shaggy
fur 1, slow metabolism 1, sharp paws
a: no special abilities


You were on level 3 of the Dungeon.
You were not hungry.

You visited 1 branch of the dungeon, and saw 5 of its levels.

You collected 106 gold pieces.

Inventory:

Wands
 k - a wand of iceblast (12)
Scrolls
 c - a scroll of teleportation {unknown}
 d - 2 scrolls of enchant weapon {unknown}
 e - a scroll of amnesia {unknown}
 g - a scroll of fear {unknown}
 h - 2 scrolls of magic mapping {unknown}
 i - 2 scrolls of identify {unknown}
Potions
 f - a potion of haste
 j - a potion of brilliance {unknown}
 l - a potion of curing {unknown}
 m - a potion of heal wounds {unknown}
Books
 a - a book of Maledictions

   Spells                             Type                      Level
   a - Corona                         Hexes                        1
   b - Ensorcelled Hibernation        Hexes/Ice                    2
   c - Confuse                        Hexes                        3
   d - Tukima's Dance                 Hexes                        3
   e - Dazzling Spray                 Conjuration/Hexes            3
Comestibles
 b - 3 rations


   Skills:
 - Level 4.1 Dodging
 + Level 5.5 Stealth
 * Level 1.9 Unarmed Combat
 - Level 2.0 Spellcasting
 - Level 4.8 Hexes
 * Level 2.1 Ice Magic


You had one spell level left.
You knew the following spells:

 Your Spells              Type           Power        Failure   Level  Hunger
a - Corona                Hex            ###....      2%          1    #......
b - Ensorcelled Hibernat  Hex/Ice        ###...       6%          2    ###....
c - Dazzling Spray        Conj/Hex       ##....       19%         3    ###....


Dungeon Overview and Level Annotations

Branches:
Dungeon (5/15)
 Temple: D:4-7

Altars:
Kikubaaqudgha

Annotations:
D:3 Natasha; Terence
D:4 wotfoxis's ghost, weakling HOCK
D:5 Menkaure


Innate Abilities, Weirdness & Mutations

You cannot wear armour.
You are incapable of wielding weapons or throwing items.
Your paws allow you to move quietly. (Stealth)
You have sharp claws.
You have razor-sharp teeth.
You have supernaturally acute eyesight. (SInv)
You are carnivorous and can eat meat at any time.
You cover ground quickly.
You are covered in fur. (AC +1)
You have a slow metabolism.
Your sharp claws are effective at attacking unaware monsters.
You have a pair of small horns on your head.
Your mind is acute. (Int +2)
Your flesh is heat resistant. (rF+)


Message History

The adder hisses angrily.
The adder looks drowsy...
Natasha hisses angrily.
The goblin shouts!
You hear a shout!
An orc comes into view. It is wielding a war axe.
Natasha stares at you and mumbles some strange words.
The magic dart hits you!
The helpless adder fails to defend itself.
You claw the adder!
You kill the adder!
Natasha howls an incantation.
Natasha glows brightly for a moment.
The goblin hits you with a club.
* * * LOW HITPOINT WARNING * * *
Natasha drinks a potion.
Natasha seems to speed up.
Natasha mumbles some strange words.
You see here a hobgoblin corpse.
Natasha mumbles some strange words.
Natasha stares at you and mumbles some strange words.
The magic dart hits you!
You die...

#. . . ### .. . ..#
...# #.#. #.# #...#
#...#####.# #...#
##......##.# #..$#
#..........# #.%.#
#...#@##.####...#####
#......†g...o........
.......................
#.##..###....h.........
#..# ##.####5..##.##
..... ...# #...#
####.###### #...# #.#
#...# #.# #...#


You could see Natasha, an orc and a goblin.

Vanquished Creatures
  4 gnolls (D:2)
  6 adders
  An adder skeleton (D:5)
  A worm (D:2)
  A dart slug (D:2)
  3 leopard geckos
  4 orcs
  2 bats
  5 goblins
  4 hobgoblins
  3 jackals (D:2)
  3 kobolds
  A quokka (D:2)
  2 frilled lizards
  5 rats
45 creatures vanquished.

Notes
Turn   | Place    | Note
-------+----------+-------------------------------------------
     0 | D:1      | inc the Felid Enchanter began the quest for the Orb.
     0 | D:1      | Reached XP level 1. HP: 7/7 MP: 4/4
   424 | D:2      | Reached XP level 2. HP: 10/11 MP: 6/6
   441 | D:2      | Gained mutation: Your mind is acute. (Int +2) [potion of mutation]
   441 | D:2      | Gained mutation: Your flesh is heat resistant. (rF+) [potion of mutation]
   441 | D:2      | Gained mutation: You have a pair of small horns on your head. [potion of mutation]
   890 | D:2      | Found an ancient bone altar of Kikubaaqudgha.
  1259 | D:1      | Learned a level 2 spell: Ensorcelled Hibernation
  1619 | D:2      | Reached XP level 3. HP: 14/14 MP: 4/7
  1948 | D:2      | Reached skill level 5 in Stealth
  2084 | D:2      | Reached skill level 1 in Ice Magic
  2114 | D:2      | Reached XP level 4. HP: 3/18 MP: 1/8
  2121 | D:2      | Succumbed to an adder's poison
  2122 | D:2      | Reached XP level 3. HP: 0/14 MP: 1/7
  2660 | D:4      | Noticed wotfoxis's ghost (weakling HOCK)
  2683 | D:5      | Entered Level 5 of the Dungeon
  2693 | D:5      | Reached XP level 4. HP: 9/18 MP: 8/8
  2710 | D:5      | Noticed Menkaure
  2845 | D:4      | Learned a level 3 spell: Dazzling Spray
  2846 | D:4      | Noticed a phantom
  2893 | D:4      | Noticed an ogre
  3192 | D:3      | Noticed Terence
  3696 | D:3      | Noticed Natasha
  3706 | D:3      | Killed from afar by Natasha

Skill      XL: |  1  2  3  4 |
---------------+-------------+-----
Dodging        | 3 4 |  4.1
Stealth        | 5 |  5.5
Ice Magic      | 1 2 |  2.1
Unarmed Combat | |  1.9
Spellcasting   | |  2.0
Hexes          | |  4.8

Action                   |  1- 3 |  4- 6 || total
-------------------------+-------+-------++-------
Melee: Unarmed           |   115 |    35 ||   150
       Headbutt          |    12 |     7 ||    19
       Bite              |     5 |     1 ||     6
 Cast: Corona            |     4 |       ||     4
       Ensorcelled Hiber |    36 |    10 ||    46
       Dazzling Spray    |       |     2 ||     2
  Use: Potion            |     2 |       ||     2
       Scroll            |     1 |       ||     1
 Stab: Sleeping          |    27 |     9 ||    36
  Eat: Chunk             |    12 |     2 ||    14
Armor: Skin              |     3 |       ||     3
Dodge: Dodged            |    88 |    22 ||   110
